 Dungeon Crawl Stone Soup version 0.20-a0-945-g3bf614a (webtiles) character file.

279797 JimmahDean the Imperceptible (level 20, -3/159 HPs)
             Began as a Vampire Assassin on Apr 1, 2017.
             Was the Champion of Dithmenos.
             Slain by a great orb of eyes (13 damage)
             ... while paralysed by a great orb of eyes
             ... on level 4 of the Vaults on Apr 2, 2017.
             The game lasted 04:11:41 (55587 turns).

JimmahDean the Imperceptible (Vampire Assassin)    Turns: 55587, Time: 04:11:42

Health: -3/159     AC:  0    Str: 13    XL:     20   Next: 4%
Magic:  31/32      EV:  5    Int: 16    God:    Dithmenos [******]
Gold:   1644       SH:  0    Dex: 24    Spells: 16/19 levels left

rFire    . . .     SeeInvis +   (weapon currently unavailable)
rCold    + . .     Gourm    .   (shield currently unavailable)
rNeg     + + .     Faith    .   (armour currently unavailable)
rPois    +         Spirit   .   (helmet currently unavailable)
rElec    .         Reflect  +   (cloak currently unavailable)
rCorr    .         Harm     .   (gloves currently unavailable)
MR       ++...                  (boots currently unavailable)
Stlth    ++++++++++             v - +5 amulet of reflection
Regen    0.2/turn               (ring currently unavailable)
MPRegen  0.3/turn               (ring currently unavailable)

@: paralysed, bat-form, flying, regenerating slowly, wreathed by umbra, very
quick
A: fangs 3, (iridescent scales 0), see invisible, high mp 1, (unbreathing),
evolution 1
}: 1/15 runes: barnacled
a: End Transformation, Shadow Step, Shadow Form, Renounce Religion


You were on level 4 of the Vaults.
You worshipped Dithmenos.
Dithmenos was exalted by your worship.
You were thirsty.
You were in vampire-bat-form.
You visited 8 branches of the dungeon, and saw 36 of its levels.

You collected 2985 gold pieces.
You spent 1341 gold pieces at shops.

Inventory:

Hand Weapons
 a - a +9 rapier of freezing (melded)
 b - a +0 blowgun {@w1}
 K - the +4 hunting sling of Rakiew {venom, Dex+3}
   (You bought it in a shop on level 2 of the Orcish Mines)

   It poisons the ammo it fires.
   It affects your dexterity (+3).
Missiles
 e - 91 poisoned needles
 m - 1062 stones (quivered)
 p - 12 needles of paralysis
 r - 2 throwing nets
 s - 11 curare-tipped needles {!f}
 Y - 6 silver javelins
Armour
 d - a +2 pair of boots of stealth (melded)
 f - +3 shadow dragon scales (melded)
 j - a +2 cloak of invisibility (melded)
 x - the +2 shield of Resistance (melded) {rF+ rC+ MR+}
   (You found it on level 15 of the Dungeon)

   It protects you from fire.
   It protects you from cold.
   It affects your resistance to hostile enchantments.
 G - a +2 helmet (melded)
 L - a +2 pair of gloves (melded)
Jewellery
 v - a +5 amulet of reflection (around neck)
 C - a +4 ring of strength (melded)
 M - the ring of Jeoj Anu {*Slow rElec Str-4 Dex+8 SInv}
   (You found it on level 8 of the Dungeon)

   [ring of see invisible]

   It affects your strength (-4).
   It affects your dexterity (+8).
   It insulates you from electricity.
   It lets you see invisible.
   It may slow you when you take damage.
 P - a ring of stealth (melded)
Wands
 D - a wand of lightning (9/15)
 H - a wand of iceblast (0/15)
 I - a wand of acid (11/15)
 R - a wand of paralysis (6/24)
 T - a wand of lightning (15/15)
 V - a wand of lightning (6/15)
Scrolls
 k - 4 scrolls of fog
 l - 3 scrolls of fear
 n - 7 scrolls of amnesia
 o - 7 scrolls of magic mapping
 u - 11 scrolls of teleportation {@r4}
 E - 6 scrolls of recharging
 F - 10 scrolls of blinking
 N - 3 scrolls of enchant weapon
 O - 7 scrolls of remove curse {@r2}
 Q - 2 scrolls of silence
 X - 2 scrolls of identify {@r1}
Potions
 c - 5 potions of brilliance
 g - 45 potions of blood
 h - 2 potions of ambrosia
 i - 10 potions of curing {@q1}
 t - 7 potions of heal wounds {@q2}
 z - 3 potions of invisibility
 A - 7 potions of flight
 B - 6 potions of agility
 J - 5 potions of haste {@q3}
 U - 4 potions of might
Books
 y - the Catalogue of Dark Rituals
   (You found it on level 1 of the Elven Halls)

   Spells                             Type                      Level
   a - Animate Skeleton               Necromancy                   1
   b - Pain                           Necromancy                   1
   c - Corpse Rot                     Necromancy                   2
   d - Sublimation of Blood           Necromancy                   2
   e - Control Undead                 Necromancy                   4
   f - Bolt of Draining               Conjuration/Necromancy       5
Miscellaneous
 q - a phantom mirror
 w - a lightning rod (4/4) {!a}
 S - a fan of gales
 W - a box of beasts


   Skills:
 - Level 14.0 Fighting
 - Level 14.0 Short Blades
 - Level 1.5 Throwing
 - Level 7.0 Armour
 - Level 13.0 Dodging
 - Level 23.0 Stealth
 - Level 8.0 Shields
 + Level 10.3 Translocations
 - Level 11.0 Invocations
 - Level 13.0 Evocations


You had 16 spell levels left.
You knew the following spells:

 Your Spells              Type           Power        Failure   Level  Hunger
a - Apportation           Tloc           ####..       1%          1    ##.....
b - Blink                 Tloc           N/A          1%          2    ###....


Dungeon Overview and Level Annotations

Branches:
Dungeon (15/15)            Temple (1/1) D:4            Lair (6/6) D:9
 Shoals (4/4) Lair:3       Spider (2/4) Lair:4        Slime (0/5) Lair:5
    Orc (2/2) D:12            Elf (2/3) Orc:2        Vaults (4/5) D:14
  Crypt (0/3) Vaults:2     Depths (0/5) D:15

Altars:
Ashenzari
Cheibriados
Dithmenos
Elyvilon
Fedhas
Hepliaklqana
Kikubaaqudgha
Makhleb
Nemelex Xobeh
Okawaru
Qazlal
Ru
Sif Muna
Trog
Uskayaw
Vehumet
Wu Jian
Xom
Yredelemnul
Zin
The Shining One
Jiyva

Shops:
D:5 !   D:8 **}[   D:12 (   Orc:2 *[(:   Elf:2 }==}

Portals:
Trove: Elf:2 (show slimy rune of Zot)

Annotations:
D:4 Ijyb
D:8 Gastronok
Lair:6 exclusion: oklob plant
Shoals:3 exclusion: 2 oklob plants
Elf:2 3 runed doors


Innate Abilities, Weirdness & Mutations

You heal slowly.
You have razor-sharp teeth.
You have supernaturally acute eyesight. (SInv)
((You can survive without breathing.))
((You are partially covered in iridescent scales. (AC +2)))
You have an increased reservoir of magic. (+10% MP)
You evolve.


Message History

Your +9 rapier of freezing melds into your body.
Your +2 cloak of invisibility melds into your body.
Your +2 helmet melds into your body.
Your +2 pair of gloves melds into your body.
Your +2 pair of boots of stealth melds into your body.
The +2 shield of Resistance {rF+ rC+ MR+} melds into your body.
Your +3 shadow dragon scales melds into your body.
Your +4 ring of strength melds into your body.
Your ring of stealth melds into your body.
Your +9 rapier of freezing stops glowing.
You feel less stealthy.
You feel weaker. The great orb of eyes gazes at you.
You suddenly lose the ability to move!
The great orb of eyes bites you!
* * * LOW HITPOINT WARNING * * *
The great orb of eyes bites you!
* * * LOW HITPOINT WARNING * * *
The great orb of eyes bites you!
You die...

..'......▓....▓ ▓...▓
..▓......▓....▓▓▓▓▓▓▓▓▓...▓
..▓......▓................▓
..▓▓▓▓▓▓▓▓................▓
..........................▓
..........................▓
.....)....................▓▓▓▓▓▓▓
...............G.........p.......
..............TTb...........()...
▓▓▓▓▓▓▓▓▓▓▓▓▓▓▓▓▓'▓▓▓▓...........
▓ .... ▓..........( ▓
....▓........▓▓▓ ▓
....▓........▓.) ▓
....▓........▓.▓ ▓
....'........▓.▓ ▓
....▓........▓.▓ ▓ .... ▓.▓


You could see a great orb of eyes and 2 deep trolls.

Vanquished Creatures
  The ghost of araganzar the Spear-Bearer, an adept OpGl of Gozag (Vaults:2)
  The ghost of jasper the Draconian Blade, an adept DrBe of Trog (Shoals:4)
  A sphinx (Vaults:3)
  A shadow dragon (Vaults:4)
  Roxanne (Elf:2)
  A frost giant (Vaults:3)
  3 deep elf sorcerers
  Ilsuiw (Shoals:4)
  An orc warlord (Orc:2)
  6 vault wardens
  A ghost moth (Spider:1)
  An emperor scorpion (Spider:1)
  12 ironheart preservers
  3 entropy weavers
  7 stone giants
  4 deep elf demonologists
  2 deep elf annihilators
  2 ettins
  5 merfolk impalers (Shoals:4)
  8 deep elf death magi
  5 merfolk javelineers (Shoals:4)
  5 ogre magi
  2 great orbs of eyes
  Josephine (D:14)
  Erolcha (D:13)
  2 fire dragons
  4 yaktaur captains
  Harold (Lair:3)
  2 rakshasas
  4 vault guards
  5 ice dragons
  6 hydras
  A catoblepas (Lair:5)
  4 centaur warriors
  4 merfolk aquamancers (Shoals:4)
  2 merfolk avatars (Shoals:4)
  An alligator snapping turtle (Shoals:3)
  2 death knights (Vaults:2)
  A queen ant (Lair:4)
  2 satyrs
  8 dancing weapons
  5 orc high priests
  3 death yaks (Lair:6)
  24 two-headed ogres
  Sonja (D:12)
  Urug (Lair:6)
  A small abomination (Vaults:4)
  24 deep elf knights
  A fire crab (Lair:5)
  A skeletal warrior (D:14)
  A shadow wraith (Vaults:4)
  14 sea snakes
  A deep troll (shapeshifter) (D:14)
  2 unseen horrors
  3 large abominations
  3 wizards
  4 deep trolls (Vaults:2)
  4 glowing orange brains
  18 orc knights
  Pikel (D:6)
  2 lindwurms
  19 deep elf archers
  20 harpies
  6 ironbrand convokers
  9 orb spiders
  A phantasmal warrior (Vaults:4)
  17 ugly things
  55 deep elf magi
  9 wolf spiders
  A wolf spider (shapeshifter) (D:15)
  8 orc sorcerers
  11 manticores
  6 cyclopes
  10 elephants (Lair:6)
  12 fauns
  7 centaur zombies
  4 water nymphs
  7 merfolk sirens
  A guardian serpent (shapeshifter) (Vaults:3)
  3 molten gargoyles (Lair:6)
  8 vault sentinels
  An eye of devastation (shapeshifter) (Elf:2)
  6 centaur skeletons
  9 black mambas
  A storm dragon simulacrum (Vaults:3)
  7 spiny frogs
  2 torpor snails (Spider:1)
  A kobold demonologist (D:14)
  A rime drake (shapeshifter) (Vaults:3)
  3 rime drakes
  10 freezing wraiths
  9 komodo dragons
  4 demonic crawlers
  28 yaktaurs
  13 jumping spiders
  12 merfolk
  A meliai (shapeshifter) (Vaults:2)
  13 trolls
  4 hornets
  A polar bear (Lair:5)
  A hornet (shapeshifter) (Vaults:4)
  23 blink frogs
  15 slime creatures
  A wind drake (shapeshifter) (Vaults:2)
  3 wind drakes
  A blink frog (shapeshifter) (Vaults:2)
  15 hippogriffs
  A hippogriff (shapeshifter) (D:14)
  A shadow (D:14)
  12 dream sheep
  10 snapping turtles
  7 tarantellas
  2 tarantellas (shapeshifter)
  2 air elementals (Elf:2)
  12 redbacks
  7 wyverns
  7 basilisks
  11 wraiths
  2 humans (shapeshifter)
  A yak (shapeshifter) (D:12)
  A spriggan (D:10)
  2 vampires
  7 water elementals
  A steam dragon (shapeshifter) (D:15)
  Grum (D:8)
  A fire elemental (Elf:1)
  A human simulacrum (Vaults:1)
  2 steam dragons (Lair:6)
  2 basilisks (shapeshifter)
  39 yaks
  A golden eye (D:8)
  2 hungry ghosts
  4 vampire mosquitoes
  8 wargs
  25 soldier ants
  2 acid dragons
  11 water moccasins
  5 porcupines
  Duvessa (D:5)
  5 sky beasts
  3 hell hounds (Lair:6)
  51 orc warriors
  3 ice beasts
  An eye of draining (D:12)
  21 ogres
  An ettin simulacrum (Vaults:2)
  18 wolves
  4 boggarts (Vaults:1)
  5 necrophages (D:11)
  4 phantoms
  13 centaurs
  16 crocodiles
  3 elf zombies (Elf:1)
  20 bullfrogs
  An earth elemental (Elf:1)
  Dowan (D:5)
  A water moccasin zombie (D:7)
  A hornet simulacrum (D:14)
  7 scorpions
  8 killer bees
  A water moccasin skeleton (D:8)
  15 wights
  8 howler monkeys
  5 electric eels
  A lava snake (Lair:6)
  4 crimson imps
  3 bullfrog zombies (D:11)
  2 quasits
  6 hounds
  2 jellies (D:14)
  19 orc priests
  2 bullfrog skeletons
  2 iguanas
  23 orc wizards
  27 worker ants
  A hound zombie (D:11)
  3 hound skeletons
  4 mummies (D:11)
  Robin (D:3)
  4 worker ant zombies
  A gnoll (D:6)
  11 adders
  3 shadow imps
  2 adder skeletons
  A worm (D:3)
  A dart slug (D:5)
  6 leopard geckos
  94 orcs
  15 bats
  5 giant cockroaches
  13 goblins
  6 hobgoblins
  20 jackals
  6 quokkas
  3 ball pythons
  2 frilled lizards
  7 kobolds
  4 rats
  A fungus (D:1)
  A plant (Lair:4)
1351 creatures vanquished.

Vanquished Creatures (others)
  A merfolk javelineer (Shoals:4)
  A satyr (Shoals:4)
  A faun (Shoals:4)
  A cyclops (Vaults:2)
  A warg (D:15)
  2 slaves (D:6)
  3 centaurs
  A scorpion (D:7)
  An orc wizard (D:6)
  2 gnolls (D:6)
  5 orcs
  A giant cockroach (D:6)
  A quokka (D:7)
  3 bushes (Lair:6)
  60 fungi
  73 plants
157 creatures vanquished.

Grand Total: 1508 creatures vanquished

Notes
Turn   | Place    | Note
-------+----------+-------------------------------------------
     0 | D:1      | JimmahDean the Vampire Assassin began the quest for the Orb.
     0 | D:1      | Reached XP level 1. HP: 16/16 MP: 1/1
   554 | D:1      | Reached XP level 2. HP: 10/22 MP: 2/2
  1462 | D:2      | Reached XP level 3. HP: 19/27 MP: 3/3
  1707 | D:2      | Noticed a hornet
  2882 | D:3      | Noticed Robin
  3208 | D:3      | Reached XP level 4. HP: 24/33 MP: 4/4
  3798 | D:3      | Killed Robin
  3798 | D:3      | Reached skill level 5 in Short Blades
  4198 | D:3      | Reached XP level 5. HP: 12/38 MP: 5/5
  4807 | D:4      | Noticed an ogre
  4809 | D:4      | Killed an ogre
  4836 | D:4      | Found a staircase to the Ecumenical Temple.
  4847 | D:4      | Reached XP level 6. HP: 44/44 MP: 6/6
  4858 | Temple   | Entered the Ecumenical Temple
  5271 | D:4      | Found a glowing silver altar of Zin.
  5278 | D:4      | Noticed Ijyb
  5341 | D:4      | Reached skill level 6 in Stealth
  5341 | D:4      | Reached XP level 7. HP: 49/49 MP: 7/7
  5358 | D:4      | Reached skill level 7 in Stealth
  5377 | D:4      | Found a white marble altar of Elyvilon.
  5392 | D:4      | Found a radiant altar of Vehumet.
  5394 | D:4      | Found a shadowy altar of Dithmenos.
  5398 | D:4      | Became a worshipper of Dithmenos the Shadowed
  5401 | D:4      | Found a stormy altar of Qazlal.
  5401 | D:4      | Found a bloodstained altar of Trog.
  5401 | D:4      | Found a shimmering altar of Xom.
  5403 | D:4      | Found a glowing golden altar of the Shining One.
  5405 | D:4      | Found a shattered altar of Ashenzari.
  5406 | D:4      | Found a basalt altar of Yredelemnul.
  5459 | D:4      | Reached skill level 8 in Stealth
  5589 | D:5      | Entered Level 5 of the Dungeon
  5676 | D:5      | Found an iron altar of Okawaru.
  5726 | D:5      | Reached skill level 9 in Stealth
  5816 | D:5      | Noticed a hippogriff
  5818 | D:5      | Killed a hippogriff
  5818 | D:5      | Reached skill level 10 in Stealth
  5966 | D:5      | Reached XP level 8. HP: 55/55 MP: 8/8
  5968 | D:5      | Reached skill level 11 in Stealth
  6205 | D:5      | Noticed Duvessa
  6217 | D:5      | Noticed Dowan
  6302 | D:5      | Killed Duvessa
  6902 | D:5      | Killed Dowan
  7518 | D:5      | Found Seraij's Distillery.
  7525 | D:5      | Bought a potion of curing for 36 gold pieces
  7525 | D:5      | Bought a potion of flight for 36 gold pieces
  7525 | D:5      | Bought a potion of haste for 120 gold pieces
  8109 | D:6      | Noticed Pikel
  8115 | D:6      | Paralysed by Pikel for 3 turns
  8125 | D:6      | Paralysed by Pikel for 4 turns
  8187 | D:6      | Killed Pikel
  8550 | D:6      | Got a shimmering ring mail
  8561 | D:6      | Identified the cursed +1 ring mail of Baldness {Stlth+} (You found it on level 6 of the Dungeon)
  8636 | D:6      | Reached XP level 9. HP: 61/61 MP: 9/9
  8648 | D:6      | Reached * piety under Dithmenos
 10046 | D:7      | Reached ** piety under Dithmenos
 10215 | D:7      | Noticed a two-headed ogre
 10855 | D:7      | Killed a two-headed ogre
 11528 | D:8      | Found Tousmus's General Store.
 11546 | D:8      | Bought a throwing net for 48 gold pieces
 11612 | D:8      | Reached skill level 1 in Evocations
 11638 | D:8      | Reached XP level 10. HP: 65/67 MP: 9/11
 11654 | D:8      | Found Joaruyruity's General Store.
 11663 | D:8      | Bought a scroll of identify for 30 gold pieces
 11685 | D:8      | Found Jiv Xopt's Gadget Boutique.
 11711 | D:8      | Found Emizeriu's Armour Shoppe.
 11750 | D:8      | Noticed Joseph
 11834 | D:8      | Noticed Grum
 11844 | D:8      | Noticed Gastronok
 12200 | D:8      | Noticed a two-headed ogre
 12566 | D:8      | Got a warped ivory ring
 12628 | D:8      | Killed a two-headed ogre
 12771 | D:8      | Reached skill level 5 in Evocations
 12821 | D:8      | Noticed Joseph
 12821 | D:8      | Joseph changed into Joseph the black mamba
 12822 | D:8      | Noticed Joseph
 12822 | D:8      | Joseph the black mamba changed into Joseph the golden eye
 12841 | D:8      | Killed Joseph the golden eye
 13430 | D:9      | Learned a level 1 spell: Apportation
 13484 | D:9      | Noticed a two-headed ogre
 13487 | D:9      | Killed a two-headed ogre
 13630 | D:9      | Reached *** piety under Dithmenos
 13738 | D:9      | Found a staircase to the Lair.
 13743 | Lair:1   | Entered Level 1 of the Lair of Beasts
 13778 | D:9      | Found a blossoming altar of Fedhas.
 13870 | D:10     | Entered Level 10 of the Dungeon
 13932 | D:10     | You fall through a shaft for 2 floors!
 13959 | D:12     | Noticed Sonja
 13963 | D:12     | Found a staircase to the Orcish Mines.
 13966 | D:12     | Killed Sonja
 14006 | D:12     | Reached XP level 11. HP: 72/72 MP: 15/17
 14617 | D:12     | Found Vairug's Antique Weapon Emporium.
 14650 | D:11     | Noticed a two-headed ogre
 14653 | D:11     | Killed a two-headed ogre
 14963 | D:11     | Reached skill level 10 in Evocations
 14973 | D:11     | Learned a level 2 spell: Blink
 15088 | D:11     | Gained mutation: You occasionally shout uncontrollably at your foes. [mutagenic glow]
 15715 | D:10     | Reached skill level 1 in Armour
 16172 | D:8      | Killed Grum
 16936 | Lair:1   | Identified the ring of Jeoj Anu {*Slow rElec Str-4 Dex+8 SInv} (You found it on level 8 of the Dungeon)
 18394 | Lair:2   | Reached skill level 5 in Dodging
 18910 | Lair:3   | Found a sparkling altar of Nemelex Xobeh.
 18948 | Lair:3   | Reached XP level 12. HP: 78/78 MP: 19/19
 19155 | Lair:3   | Found a staircase to the Shoals.
 19155 | Lair:3   | Noticed Harold
 19158 | Lair:3   | Killed Harold
 19321 | Lair:3   | You fall through a shaft for 3 floors!
 19321 | Lair:6   | Entered Level 6 of the Lair of Beasts
 19334 | Lair:6   | Reached skill level 12 in Stealth
 19367 | Lair:5   | Noticed Urug
 19593 | Lair:5   | Found a staircase to the Slime Pits.
 19594 | Lair:5   | Found a viscous altar of Jiyva.
 20223 | Lair:5   | Noticed a five-headed hydra
 20228 | Lair:5   | Killed a five-headed hydra
 20243 | Lair:5   | Reached skill level 13 in Stealth
 20307 | Lair:5   | Noticed a catoblepas
 21014 | Lair:4   | Reached skill level 14 in Stealth
 21378 | Lair:4   | Reached **** piety under Dithmenos
 21389 | Lair:4   | Noticed an entropy weaver
 22536 | Lair:4   | Noticed a queen ant
 22543 | Lair:4   | Killed a queen ant
 22543 | Lair:4   | Reached skill level 5 in Fighting
 22543 | Lair:4   | Reached skill level 15 in Stealth
 23357 | Lair:4   | Killed an entropy weaver
 23357 | Lair:4   | Reached skill level 16 in Stealth
 23357 | Lair:4   | Reached XP level 13. HP: 86/92 MP: 20/20
 23436 | Lair:4   | Found a hole to the Spider Nest.
 23539 | Lair:4   | Reached skill level 1 in Invocations
 23755 | Lair:4   | Reached ***** piety under Dithmenos
 23791 | Lair:4   | Noticed an entropy weaver
 23836 | Lair:4   | Killed an entropy weaver
 25879 | Lair:5   | Reached skill level 5 in Invocations
 26491 | Lair:6   | Killed Urug
 28067 | Lair:6   | Reached XP level 14. HP: 106/106 MP: 21/21
 28401 | Lair:6   | Reached ****** piety under Dithmenos
 28516 | Lair:6   | Reached skill level 10 in Fighting
 29046 | Lair:6   | Found a large runed door.
 29047 | Lair:6   | Found a large runed door.
 29595 | D:10     | Reached skill level 17 in Stealth
 30944 | D:12     | Reached skill level 18 in Stealth
 31394 | Orc:1    | Entered Level 1 of the Orcish Mines
 31642 | Orc:2    | Entered Level 2 of the Orcish Mines
 31962 | Orc:2    | Noticed an orc warlord
 32672 | Orc:1    | Reached skill level 19 in Stealth
 32912 | Orc:2    | Killed an orc warlord
 33013 | Orc:2    | Found Cedwaol's Book Boutique.
 33136 | Orc:2    | Found Taeloes's Antique Weapon Shop.
 33938 | Orc:2    | Reached skill level 20 in Stealth
 33973 | Orc:2    | Found Takapre's General Store.
 33993 | Orc:2    | Bought a scroll of magic mapping for 59 gold pieces
 34024 | Orc:2    | Found Pootowome's Antique Armour Shop.
 34071 | Orc:2    | Bought an amber-encrusted chain mail for 294 gold pieces
 34071 | Orc:2    | Bought a runed helmet for 232 gold pieces
 34106 | Orc:2    | Identified the +6 chain mail of Death Resistance {Stlth+} (You bought it in a shop on level 2 of the Orcish Mines)
 34137 | Orc:2    | Found a staircase to the Elven Halls.
 34400 | Orc:2    | Reached XP level 15. HP: 101/115 MP: 19/22
 35058 | Orc:2    | Bought a glowing rapier for 252 gold pieces
 35058 | Orc:2    | Bought a polished hunting sling for 234 gold pieces
 35058 | Orc:2    | Identified the +4 hunting sling of Rakiew {venom, Dex+3} (You bought it in a shop on level 2 of the Orcish Mines)
 35845 | D:13     | Noticed Erolcha
 35861 | D:13     | Killed Erolcha
 36306 | D:14     | Reached skill level 10 in Dodging
 37020 | D:14     | Lost mutation: You occasionally shout uncontrollably at your foes. [potion of mutation]
 37020 | D:14     | Gained mutation: Your spells are a little easier to cast, but a little less powerful. [potion of mutation]
 37020 | D:14     | Gained mutation: You evolve. [potion of mutation]
 37020 | D:14     | Gained mutation: You have an increased reservoir of magic. (+10% MP) [potion of mutation]
 37306 | D:14     | Noticed Josephine
 37323 | D:14     | Killed Josephine
 37496 | D:14     | Found a gate to the Vaults.
 37953 | D:15     | Entered Level 15 of the Dungeon
 38332 | D:15     | Reached skill level 1 in Shields
 38345 | D:15     | Found a staircase to the Depths.
 39017 | D:15     | Gained mutation: You are partially covered in iridescent scales. (AC +2) [evolution]
 39296 | D:15     | Got a warped robe
 39302 | D:15     | Identified the cursed +0 robe "Fuestrue" {rCorr Str+7 Dex+2} (You found it on level 15 of the Dungeon)
 39581 | Spider:1 | Entered Level 1 of the Spider Nest
 39626 | Spider:1 | Reached skill level 5 in Shields
 39632 | Spider:1 | Noticed a ghost moth
 39701 | Spider:1 | Killed a ghost moth
 39701 | Spider:1 | Reached XP level 16. HP: 55/122 MP: 0/25
 41042 | Spider:1 | Reached skill level 21 in Stealth
 42391 | Shoals:1 | Entered Level 1 of the Shoals
 42392 | Shoals:1 | Reached skill level 22 in Stealth
 43189 | Shoals:2 | Reached skill level 23 in Stealth
 44524 | Shoals:4 | Entered Level 4 of the Shoals
 44527 | Shoals:4 | Noticed Ilsuiw
 45672 | Shoals:4 | Reached XP level 17. HP: 130/133 MP: 26/26
 46132 | Shoals:4 | Killed Ilsuiw
 46248 | Shoals:4 | Noticed jasper's ghost (adept DrBe)
 46256 | Shoals:4 | Killed jasper's ghost
 46349 | Shoals:4 | Got a barnacled rune of Zot
 46516 | Shoals:1 | Lost mutation: Your spells are a little easier to cast, but a little less powerful. [evolution]
 46673 | Lair:1   | Identified a scroll of acquirement
 46869 | Elf:1    | Entered Level 1 of the Elven Halls
 47046 | Elf:1    | Reached skill level 5 in Armour
 47536 | Elf:1    | Identified the Catalogue of Dark Rituals
 47880 | Elf:2    | Noticed Roxanne
 47895 | Elf:2    | Killed Roxanne
 47934 | Elf:2    | Got a faintly glowing plate armour
 48025 | Elf:2    | Found Feugham's Gadget Shoppe.
 48028 | Elf:2    | Found Aryw's Jewellery Boutique.
 48029 | Elf:2    | Found Puenu's Gadget Shoppe.
 48181 | Elf:2    | Found Ytrampo's Jewellery Boutique.
 48183 | Elf:2    | Reached XP level 18. HP: 146/146 MP: 28/28
 48262 | Elf:2    | Found a runed gate.
 48262 | Elf:2    | Found a runed gate.
 48262 | Elf:2    | Found a runed gate.
 48339 | Elf:2    | Found a portal to a secret trove of treasure.
 48656 | Vaults:1 | Entered Level 1 of the Vaults
 49092 | Vaults:1 | Reached skill level 10 in Invocations
 50125 | Vaults:1 | Noticed a tengu reaver
 50361 | Vaults:2 | Noticed araganzar's ghost (adept OpGl)
 50387 | Vaults:2 | Killed araganzar's ghost
 51239 | Vaults:2 | Found a staircase to the Crypt.
 51755 | Vaults:2 | Reached XP level 19. HP: 152/152 MP: 31/31
 52235 | Vaults:3 | Reached skill level 1 in Translocations
 52941 | Vaults:3 | Identified the +8 plate armour of the Lotus Blossom {MR+} (You found it on level 2 of the Elven Halls)
 53077 | Vaults:3 | Reached skill level 5 in Translocations
 55388 | Vaults:4 | Reached skill level 10 in Translocations
 55472 | Vaults:4 | Reached XP level 20. HP: 159/159 MP: 32/32
 55584 | Vaults:4 | Paralysed by a great orb of eyes for 3 turns
 55587 | Vaults:4 | Slain by a great orb of eyes

Vault maps used:
D:1:      dpeg_cavernosity
D:2:      nicolae_gozag_zags_fifth_avenue, first_bread
D:3:      serial_bayou_pond_e, minmay_surrounded, uniq_robin
D:4:      minitemple, minmay_temple_entry_statues_fountains, lemuel_tele_altar,
          uniq_iyjb
D:5:      serial_shops, shop, okawaru_metal_pillars_3, uniq_duvessa
D:6:      uniq_pikel
D:7:      minivault_11
D:8:      serial_shops, shop, kennysheep_little_box, shop, shop, uniq_joseph,
          uniq_gastronok, uniq_grum
D:9:      fedhas_altar_4
D:10:     the_bakery
D:11:     serial_undead, serial_undead_d, serial_undead_e, serial_undead_a,
          serial_undead_c, serial_undead_d, serial_undead_d, serial_undead_e,
          serial_undead_c, serial_undead_f, serial_undead_c,
          hangedman_decor_riveting
D:12:     orc_0_dummy, serial_shops, nicolae_shop_crystal, uniq_sonja
D:13:     uniq_erolcha
D:14:     minmay_big_diamond_grid, david_vaults_5,
          minmay_staircase_statues_hall_small, grunt_decor_one_mirror,
          uniq_josephine
D:15:     gammafunk_enter_depths_forms
Temple:   zaba_magenta_temple
Lair:1:   minivault_24
Lair:2:   beast_lair_carwin_11, grunt_megastairs_3, serial_bayou_shore_a,
          infiniplex_staircase_pool, serial_bayou_shore_b
Lair:3:   shoals_dummy_entry, basic_altar, nicolae_quartered_pool_medium,
          uniq_harold
Lair:4:   spider_nest_entry_web_field, minivault_29, grunt_megastairs_5
Lair:5:   slime_altar_1, lemuel_fruit_fields, uniq_urug
Lair:6:   cheibrodos_lair_end_hotspot
Shoals:3: nicolae_shoals_this_corrosion
Shoals:4: shoals_end_grunt_garden, shoal_ilsuiw
Spider:2: spider_trap, guppyfry_hornet_nest, uniq_frances
Orc:1:    mines_bat_river
Orc:2:    grunt_orc_gardens, grunt_orc_garden, grunt_orc_garden,
          grunt_orc_garden, grunt_orc_garden
Elf:1:    minmay_elf_necromancy, minivault_25_ag
Elf:2:    serial_glass, glass_columns_a, glass_columns_a, enter_trove_1,
          serial_shops, nicolae_shop_window_shopping, minmay_shop_grove,
          uniq_asterion, uniq_roxanne
Vaults:1: v_misc_1, hangedman_vaults_nails, v_misc_33, hangedman_vaults_slice,
          v_rooms_5, vaults_room_fancy_cross, hangedman_vaults_corner,
          nicolae_vaults_murderbox, ontoclasm_vaults_bender,
          ontoclasm_vaults_gateway, nicolae_vaults_little_squares_6,
          nicolae_vaults_specimen_jars
Vaults:2: ontoclasm_vaults_loading_screen, ontoclasm_vaults_fault,
          v_alt_pattern_2, blue_anna_dwarven_crypt, hangedman_vaults_restitches,
          ontoclasm_vaults_shuriken, v_misc_1, v_alt_pattern_6,
          nicolae_vaults_network_star, v_rooms_5, grunt_vaults_hallway_long,
          v_misc_19, vaults_dpeg_encased_lava, nicolae_vaults_back_hallway
Vaults:3: v_misc_17, v_misc_9, grunt_vaults_diagonal, v_misc_31,
          nicolae_vaults_little_squares_6, nicolae_vaults_little_squares_6,
          v_alt_pattern_6, vaults_room_stairs_pillars,
          vaults_standard_mumra_enter_the_diamond, v_pattern_5, v_misc_26,
          ontoclasm_vaults_decontamination, vaults_room_pools
Vaults:4: vaults_standard_mumra_x, nicolae_vaults_mini_display_case,
          vaults_room_corners, vaults_room_corners, v_misc_8,
          vaults_mumra_minichess, dpeg_vaults_monster_box

Skill      XL: |  1  2  3  4  5  6  7  8  9 10 11 12 13 14 15 16 17 18 19 |
---------------+----------------------------------------------------------+-----
Short Blades   | 3 4 5 7 8 11 13 14 | 14.0
Stealth        | 6 10 11 16 20 23 | 23.0
Evocations     | 1 8 10 12 13 | 13.0
Armour         | 4 7 |  7.0
Dodging        | 6 7 8 13 | 13.0
Fighting       | 5 8 10 12 14 | 14.0
Invocations    | 8 11 | 11.0
Shields        | 5 7 8 |  8.0
Translocations | 10 | 10.3
Throwing       | |  1.5

Action                   |  1- 3 |  4- 6 |  7- 9 | 10-12 | 13-15 | 16-18 | 19-21 || total
-------------------------+-------+-------+-------+-------+-------+-------+-------++-------
Melee: Dagger            |   179 |   139 |    78 |       |       |       |       ||   396
       Bite              |    13 |    13 |    57 |   163 |   406 |   246 |   141 ||  1039
       Rapier            |       |       |   420 |   975 |  2253 |  1601 |   722 ||  5971
       Short sword       |       |       |       |    68 |       |       |       ||    68
 Fire: Blowgun           |       |    11 |    25 |    25 |    10 |       |       ||    71
Throw: Stone             |     4 |     7 |     6 |    10 |    15 |     6 |       ||    48
       Throwing net      |       |       |       |       |     2 |       |       ||     2
Invok: Shadow Step       |       |       |       |     6 |     4 |     4 |     2 ||    16
 Abil: Bat Form          |     1 |     4 |    11 |    19 |     6 |       |     1 ||    42
       End Transformatio |     1 |     4 |    11 |    19 |     6 |       |       ||    41
       Evoke Invisibilit |       |       |       |    13 |    33 |     8 |     6 ||    60
       Turn Visible      |       |       |       |     9 |    21 |     4 |     4 ||    38
Evoke: Wand              |       |       |       |     8 |       |     4 |       ||    12
  Use: Scroll            |     5 |     3 |     2 |    15 |    15 |     8 |     5 ||    53
       Potion            |     3 |     3 |    13 |    19 |    20 |    11 |     2 ||    71
 Stab: Sleeping          |    13 |     8 |    18 |    50 |    42 |   146 |    37 ||   314
       Distracted        |       |     1 |     2 |     3 |    28 |    21 |     3 ||    58
       Invisible         |       |       |       |    31 |   126 |    39 |    25 ||   221
       Petrifying        |       |       |       |       |     2 |       |       ||     2
       Petrified         |       |       |       |       |     1 |       |       ||     1
       Held in net/web   |       |       |       |       |     2 |       |       ||     2
       Paralysed         |       |       |       |       |       |     1 |       ||     1
  Eat: Corpse            |       |       |       |       |       |     1 |       ||     1
Armor: Robe              |    26 |     4 |    22 |       |       |       |       ||    52
       Leather armour    |       |    22 |     4 |       |       |       |       ||    26
       Ring mail         |       |       |    60 |   170 |    36 |       |       ||   266
       Scale mail        |       |       |       |       |   379 |   248 |    12 ||   639
       Plate armour      |       |       |       |       |       |       |    80 ||    80
       Shadow dragon sca |       |       |       |       |       |       |    26 ||    26
Dodge: Dodged            |    55 |    55 |   165 |   422 |  1004 |   570 |   134 ||  2405
Block: Shield            |       |       |       |       |   148 |   886 |   370 ||  1404
       Other             |       |       |       |       |    15 |       |       ||    15
       Reflection        |       |       |       |       |     6 |    81 |    30 ||   117
